 Dungeon Crawl Stone Soup version 0.31-a0-1627-g952d896 (webtiles) character file.

Game seed: 7361669252068113663

10 PidgeyThePirate the Trooper (level 2, 24/24 HPs)
             Began as a Demonspawn Monk on Jan 12, 2024.
             Got out of the dungeon alive.
             The game lasted 00:01:41 (841 turns).

PidgeyThePirate the Trooper (Demonspawn Monk)        Turns: 841, Time: 00:01:42

Health: 24/24      AC:  5    Str: 11    XL:     2   Next: 10%
Magic:  2/2        EV: 11    Int: 10    God:
Gold:   86         SH:  4    Dex: 15    Spells: 1/1 levels left

rFire   . . .        a - +0 short sword
rCold   . . .        d - orb {light}
rNeg    . . .        e - +0 ring mail
rPois   .            (no helmet)
rElec   .            (no cloak)
rCorr   .            (no gloves)
SInv    .            (no boots)
Will    .....        (no amulet)
Stlth   +            (no ring)
HPRegen 0.24/turn    (no ring)
MPRegen 0.08/turn

%: no passive effects
@: glowing
A: condensation shield
a: no special abilities


You escaped.
You visited 1 branch of the dungeon, and saw 1 of its levels.

You collected 86 gold pieces.

Inventory:

Hand Weapons
 a - a +0 short sword (weapon)
Armour
 b - a +0 robe
 d - an orb of light (worn)
 e - a +0 ring mail (worn)
Scrolls
 f - a scroll of enchant armour {unknown}
 g - a scroll of silence {unknown}
 h - a scroll of identify {unknown}
Potions
 c - a potion of ambrosia
 i - a potion of mutation {unknown}


   Skills:
 + Level 3.2 Fighting
 * Level 2.9 Short Blades
 + Level 2.8 Dodging
 * Level 0.2 Invocations


You had one spell level left.
You didn't know any spells.
Your spell library was empty.

Dungeon Overview and Level Annotations

Branches:
Dungeon (1/15)

Altars:


Innate Abilities, Weirdness & Mutations

A meltable shield of frost defends you. (SH +4)


Message History

The endoplasm freezes you.
You are frozen.
You hit the endoplasm.
You kill the endoplasm!
You have reached level 2!
Your demonic ancestry asserts itself...
Frost condenses into a shield before you.
A rat comes into view.
The rat squeaks loudly.
Found a smoky dark potion.
You hit the rat.
You kill the rat!
i - a smoky dark potion
Found 9 stones.
As you open the door, it creaks loudly!
An endoplasm comes into view.
The endoplasm quivers.
Found 10 gold pieces.
There is an open door here.
The endoplasm freezes you.
You are frozen.
You hit the endoplasm but do no damage. The endoplasm hits you.
You hit the endoplasm but do no damage. The endoplasm hits you.
You hit the endoplasm.
The endoplasm is severely wounded.
The endoplasm barely misses you.
You hit the endoplasm.
The endoplasm is almost dead.
The endoplasm freezes you.
You are frozen.
You hit the endoplasm.
You kill the endoplasm!
You now have 86 gold pieces (gained 10).
You open the door.
There is an open door here.
There is an open door here.
You enter the shallow water.
Moving in this stuff is going to be slow.
There is a staircase leading out of the dungeon here.
You have escaped!

#..>.# ##...###.#
####..# # ###..# ##'##
#.# #.....# # ###..# #.#
#.###.##.## # .....# #.#
#........# # ###.##
###.####♣###.#### # #.#
#...##.~~~.### # ##.##
###...##♣~~~~#
#...#####.....###♣~P###
##.#.........#.#@##~##.#
#....#####.....#...~...#
.....# ###.#.#.##~##.#
#.#..# #.#.###~~~###
.#.#.# #.#.##~~~~♣#
#_#..# #...##.~~~.# #
.#.#.# ###.####.########
# #.#..# #.# #.........#
# ...(.### #.#
#.#######.# #


There were no monsters in sight!

Vanquished Creatures
  3 endoplasms (D:1)
  3 hobgoblins (D:1)
  A kobold (D:1)
  A rat (D:1)
8 creatures vanquished.

Notes
Turn   | Place    | Note
-------+----------+-------------------------------------------
     0 | D:1      | PidgeyThePirate the Demonspawn Monk began the quest for the
                  | Orb.
     0 | D:1      | Reached XP level 1. HP: 18/18 MP: 1/1
   102 | D:1      | Found a faded altar of an unknown god.
   627 | D:1      | Gained mutation: A meltable shield of frost defends you.
                  | (SH +4) [demonic ancestry]
   627 | D:1      | Reached XP level 2. HP: 9/24 MP: 2/2
   841 | D:$      | Got out of the dungeon alive.

Illustrated notes

Levels and vault maps discovered:
D:1:      sevenhm_arrival_forest_fort_small_4, layout_loops_corners,
          chequers_ecumenical_altar_simple_redux

Action                     || total
---------------------------++-------
  Melee: Short sword       ||    32
 Armour: Robe              ||     4
         Ring mail         ||     3
  Dodge: Dodged            ||    14

Table legend: (Time is in decaauts)
 A = Elapsed time spent in this place.
 B = Non-inter-level travel time spent in this place.
 C = Inter-level travel time spent in this place.
 D = Time resting spent in this place.
 E = Time spent auto-exploring this place.
 F = Levels seen in this place.
 G = Mean time per level.
                   A        B        C        D        E       F      G
               +--------+--------+--------+--------+--------+-----+--------+
         Total |    846 |    778 |     68 |      0 |    666 |   1 |  846.0 |
       Dungeon |    846 |    778 |     68 |      0 |    666 |   1 |  846.0 |
               +--------+--------+--------+--------+--------+-----+--------+

Top non-repeatable levels by time:
     D:1: 846 daAuts
